 Dungeon Crawl Stone Soup version 0.21.1-1-g345015f (webtiles) character file.

77 xccam the Cudgeler (level 4, -1/38 HPs)
             Began as a Demonspawn Abyssal Knight on Mar 2, 2018.
             Was a Follower of Lugonu.
             Slain by Crazy Yiuf
             ... wielding a +4 quarterstaff of chaos
              (16 damage)
             ... on level 2 of the Dungeon.
             The game lasted 00:02:45 (1123 turns).

xccam the Cudgeler (Demonspawn Abyssal Knight)      Turns: 1123, Time: 00:02:45

Health: -1/38      AC:  6    Str: 14    XL:     4   Next: 13%
Magic:  5/5        EV: 14    Int: 13    God:    Lugonu [*.....]
Gold:   35         SH:  0    Dex: 17    Spells: 3/3 levels left

rFire    . . .     SeeInvis .   a - +1 mace
rCold    . . .     Gourm    .   (no shield)
rNeg     . . .     Faith    .   m - +0 scale mail
rPois    .         Spirit   .   (no helmet)
rElec    .         Reflect  .   (no cloak)
rCorr    .         Harm     .   (no gloves)
MR       .....                  (no boots)
Stlth    +.........             (no amulet)
HPRegen  0.12/turn              (no ring)
MPRegen  0.09/turn              (no ring)

@: agile, hasted, very quick
A: talons 1, sense surroundings 1, robust 1, wild magic 1
a: Depart the Abyss, Renounce Religion


You were on level 2 of the Dungeon.
You worshipped Lugonu.
Lugonu was aware of your devotion.
You were not hungry.

You visited 1 branch of the dungeon, and saw 2 of its levels.
You visited the Abyss 1 time.

You collected 35 gold pieces.

Inventory:

Hand Weapons
 a - a +1 mace (weapon)
Armour
 m - a +0 scale mail (worn)
Wands
 l - a wand of paralysis (21)
Scrolls
 d - a scroll of remove curse {unknown}
 g - 3 scrolls of amnesia {unknown}
 k - a scroll of immolation {unknown}
Potions
 e - a potion of curing {unknown}
 h - a potion of haste
 i - a potion of cancellation {unknown}
Comestibles
 c - 2 rations


   Skills:
 - Level 3.0 Fighting
 + Level 4.0 Maces & Flails
 - Level 1.7 Armour
 - Level 0.8 Dodging
 - Level 2.4 Invocations


You had 3 spell levels left.
You didn't know any spells.

Dungeon Overview and Level Annotations

Branches:
Dungeon (2/15)

Altars:
Fedhas

Annotations:
D:2 Crazy Yiuf


Innate Abilities, Weirdness & Mutations

You have sharp toenails.
You passively map a small area around you.
You are robust. (+10% HP)
Your spells are a little harder to cast, but a little more powerful.


Message History

You feel agile all of a sudden.
Crazy Yiuf zaps a wand.
The puff of flame hits you!
It is a wand of flame (32).
Crazy Yiuf zaps a wand.
The puff of flame hits you!
There is an open door here.
You barely miss Crazy Yiuf. Your kick misses Crazy Yiuf.
Crazy Yiuf barely misses you.
You hit Crazy Yiuf.
Crazy Yiuf is lightly wounded.
Crazy Yiuf zaps a wand.
The puff of flame misses you.
You barely miss Crazy Yiuf. Your kick misses Crazy Yiuf.
Crazy Yiuf is lightly wounded.
Crazy Yiuf barely misses you.
You closely miss Crazy Yiuf.
Crazy Yiuf is lightly wounded.
Crazy Yiuf zaps a wand.
The puff of flame hits you!
Crazy Yiuf screams, "Papa pizzabubble unthinkable!"
Crazy Yiuf zaps a wand.
The puff of flame hits you!
It was a potion of haste.
You feel yourself speed up.
Crazy Yiuf hits you with a quarterstaff of chaos!
You die...

, #####
##########
#..)#
#........# ,
#...#
#........#
#.g.#
#........#
#@#
##........##
,, ♣♣.♣
#.........+.
,, ♣.♣♣
##........##
,* ** ♣♣.♣
#.......†##
♣.♣♣
#....).....
* ♣♣.♣♣
#..........
♣...♣♣
#.......(..
, ♣....♣
########...
* #....#
#...


You could see Crazy Yiuf.

Vanquished Creatures
  Jessica (D:2)
  2 adders (D:2)
  An ooze (D:1)
  A leopard gecko (D:2)
  2 ball pythons
  2 giant cockroaches
  5 goblins (D:1)
  4 hobgoblins (D:1)
  2 bats
  3 kobolds (D:1)
  4 rats (D:1)
27 creatures vanquished.

Notes
Turn   | Place    | Note
-------+----------+-------------------------------------------
     0 | Abyss:1  | xccam the Demonspawn Abyssal Knight began the quest for the Orb.
     0 | Abyss:1  | Reached XP level 1. HP: 18/18 MP: 2/2
    22 | Abyss:1  | Noticed a worldbinder
    41 | Abyss:1  | Noticed a blink frog
    56 | Abyss:1  | Noticed an iron imp
    60 | D:1      | Escaped the Abyss
    77 | D:1      | Reached skill level 2 in Maces & Flails
   142 | D:1      | Gained mutation: You have sharp toenails. [demonic ancestry]
   142 | D:1      | Reached XP level 2. HP: 11/24 MP: 3/3
   329 | D:1      | Reached * piety under Lugonu
   689 | D:1      | Reached skill level 3 in Maces & Flails
   912 | D:2      | Reached XP level 3. HP: 23/29 MP: 4/4
   958 | D:2      | Found a blossoming altar of Fedhas.
  1027 | D:2      | Noticed Jessica
  1039 | D:2      | Killed Jessica
  1048 | D:2      | Reached skill level 4 in Maces & Flails
  1048 | D:2      | Reached XP level 4. HP: 34/35 MP: 5/5
  1080 | D:2      | Found a runed door.
  1115 | D:2      | Noticed Crazy Yiuf
  1116 | D:2      | Gained mutation: You passively map a small area around you. [potion of mutation]
  1116 | D:2      | Gained mutation: Your spells are a little harder to cast, but a little more powerful. [potion of mutation]
  1116 | D:2      | Gained mutation: You are robust. (+10% HP) [potion of mutation]
  1123 | D:2      | Slain by Crazy Yiuf

Skill      XL: |  1  2  3 |
---------------+----------+-----
Maces & Flails | 2 3 4 |  4.0
Fighting       | |  3.0
Armour         | |  1.7
Dodging        | |  0.8
Invocations    | |  2.4

Action                   |  1- 3 |  4- 6 || total
-------------------------+-------+-------++-------
Melee: Mace              |    66 |     4 ||    70
       Kick              |     9 |       ||     9
Invok: Depart the Abyss  |     1 |       ||     1
  Use: Potion            |       |     3 ||     3
  Eat: Chunk             |       |     1 ||     1
Armor: Leather armour    |    16 |       ||    16
Dodge: Dodged            |    32 |     3 ||    35
